AoeStats
← [CL] Al3jandr0.magn00

Four Lakes

507356714Analyzed
1v1 RM · 13d ago on Sep 17, 2026· 33m 52s· 2 players
Game mode
Random Map
Map size
Tiny (2 player)
Population
200
Speed
Normal
Resources
Standard
Victory
Conquest
Starting age
Dark Age
Ending age
Imperial Age
RankedLock teamsTeams togetherTeam positionsShared explorationLock speedFull tech treeHidden civsTurbo modeCheats
Victory
Defeat
🇦🇷 Chinese · Argentina
1890
+11
🇵🇪 Saracens · Peru
1770
-11
[CL] Al3jandr0.magn00
0:25 Loom
9:27 Feudal Age
10:09 Double-Bit Axe
19:15 Castle Age
19:58 Bloodlines
21:55 Medium Warships
25:29 Forging
29:16 Wheelbarrow
28:55 Padded Archer Armor
28:49 Fletching
32:03 Horse Collar
33:09 Bodkin Arrow
Ijusttry09
8:24 Loom
10:43 Feudal Age
14:55 Castle Age
12:55 Double-Bit Axe
17:58 Medium Warships
21:35 Wheelbarrow
20:57 Fishing Lines
22:25 Gillnets
25:22 Fletching
27:05 Bodkin Arrow
31:08 Thumb Ring
33:03 Padded Archer Armor
Connection lost

Rejoining the realm…

Still unreachable

The connection could not be restored.

Session expired

The server has moved on; the page needs a fresh start.